 Dungeon Crawl Stone Soup version 0.30-a0-715-gdb4ae3ece1 (webtiles) character file.

Game seed: 2342742813674381938

3740 kae the Transmogrifier (level 9, 0/70 HPs)
             Began as a Demonspawn Transmuter on Jan 23, 2023.
             Slain by a gnoll sergeant
             ... wielding a +2 trident of freezing
              (9 damage)
             ... on level 7 of the Dungeon.
             The game lasted 00:10:53 (6026 turns).

kae the Transmogrifier (Demonspawn Transmuter)      Turns: 6026, Time: 00:10:54

Health: 0/70       AC:  8    Str: 15    XL:     9   Next: 93%
Magic:  19/19      EV: 20    Int: 26    God:
Gold:   311        SH:  0    Dex: 17    Spells: 11/21 levels left

rFire   x . .      SeeInvis .      - Unarmed
rCold   + + +      Faith    .    (shield currently unavailable)
rNeg    . . .      Spirit   .    (body armour currently unavailable)
rPois   +          Reflect  .    (helmet currently unavailable)
rElec   .          Harm     .    (cloak currently unavailable)
rCorr   .          Rampage  .    (gloves currently unavailable)
Will    .....                    (boots currently unavailable)
Stlth   +                        (no amulet)
HPRegen 0.31/turn                f - ring "Rehusm" {Str+3 Int+6 Dex+4}
MPRegen 0.16/turn                E - +5 ring of evasion

@: confused, mighty, agile, ice-form (expiring)
A: freezing attack, amphibious, boosted hp, large, powered by pain 2, big brain
1, (demonic touch 1)
a: End Transformation


You were on level 7 of the Dungeon.
You were a creature of crystalline ice.
You visited 1 branch of the dungeon, and saw 7 of its levels.
You also visited: Sewer.

You collected 311 gold pieces.


Innate Abilities, Weirdness & Mutations

You are a creature of crystalline ice.
You have a powerful freezing melee attack.
You are amphibious.
Your maximum health is increased.
Your armour is entirely melded.
You are incapable of wielding weapons or throwing items.
You sometimes gain power by taking damage.
You have an unusually large brain. (Int +2)
((Your touch may inflict minor irresistible damage on your foes.))


   Skills:
 - Level 1.0 Fighting
 - Level 1.7 Dodging
 + Level 6.9 Unarmed Combat
 + Level 6.9 Spellcasting
 * Level 9.3 Transmutations
 - Level 2.0 Poison Magic


You had 11 spell levels left.
You knew the following spells:

 Your Spells              Type           Power      Damage    Failure   Level
a - Beastly Appendage     Tmut           100%       N/A       1%          1
b - Wereblood             Tmut           55%        N/A       1%          2
c - Spider Form           Tmut/Pois      38%        N/A       1%          3
d - Ice Form              Ice/Tmut       33%        N/A       10%         4

Your spell library contained the following spells:

 Spells                   Type           Power      Damage    Failure   Level
 Fireball                 Conj/Fire      4%         3d4       87%         5
 Iskenderun's Battlesphe  Conj           8%         2d6       87%         5
 Conjure Ball Lightning   Conj/Air       4%         3x3d6     100%        6
 Orb of Destruction       Conj           4%         9d5       100%        7

Inventory:

Missiles
 e - a boomerang
 i - 36 stones
 l - 5 curare-tipped darts {=f}
 m - 14 poisoned darts
 y - 2 throwing nets {=f!f}
 B - 12 javelins
Armour
 a - a +0 robe (melded)
 g - a +1 pair of gloves (melded)
   (You found it on level 1 of the Dungeon)
Jewellery
 f - the ring "Rehusm" (left front paw) {Str+3 Int+6 Dex+4}
   (You acquired it on level 1 of the Dungeon)

   [ring of intelligence]

   Str:       It affects your strength (+3).
   Int:       It affects your intelligence (+6).
   Dex:       It affects your dexterity (+4).
 C - a ring of ice
   (You found it on level 1 of the Dungeon)
 E - a +5 ring of evasion (right front paw)
   (You found it on level 3 of the Dungeon)
 I - a +6 ring of intelligence
   (You found it on level 2 of the Dungeon)
 L - a ring of flight
   (You found it on level 4 of the Dungeon)
Wands
 p - a wand of roots (6)
   (You took it off Pikel on level 4 of the Dungeon)
 q - a wand of quicksilver (8)
   (You found it on level 3 of the Dungeon)
 D - a wand of paralysis (12)
   (You found it on level 5 of the Dungeon)
 F - a wand of flame (14)
   (You found it on level 5 of the Dungeon)
 K - a wand of polymorph (9)
   (You found it on level 6 of the Dungeon)
Scrolls
 d - 4 scrolls of teleportation {@r4}
 h - 3 scrolls of enchant armour
 s - a scroll of blinking {!r}
 w - 2 scrolls of fear
 x - 2 scrolls of vulnerability {!r!r}
 A - a scroll of enchant weapon
Potions
 b - a potion of lignification {!q}
 c - 4 potions of brilliance {unknown}
 j - 7 potions of curing {@q1}
 k - 5 potions of invisibility
 n - a potion of mutation {unknown}
 r - a potion of ambrosia {unknown}
 u - 2 potions of haste {@q3}
 v - a potion of resistance
 z - a potion of cancellation
 G - a potion of degeneration {unknown}
 H - 3 potions of attraction {unknown}
 J - a potion of berserk rage {unknown}

Dungeon Overview and Level Annotations

Branches:
Dungeon (7/15) Zot: 26713  Temple (0/1) D:6           Sewer (visited)

Altars:
Fedhas
Makhleb
Wu Jian

#.......###
..........##
#.....†....## #
#.###.####..# .# #.#
#... #..## ##.# #.#
#....#...# ###...# #.#
#....#...# ##5....# #..
#$.......###o{....# #..
######..†.##Y)#
#....#){g#
###....#...##..#
................#
#######################
.....# #......## #.#..#
##(#.#.#.##
#....###.....###.#
...........##.#.##


You could see a gnoll, a white imp and an orc.


Message History

The orc wizard closely misses you. The gnoll closely misses you.
The gnoll bouda misses you.
Something shouts, "Slither away, thou hateful saucy pimple!" 😕 HP[+1]
You punch the gnoll bouda! You freeze the gnoll bouda.
You kill the gnoll bouda!
You hear a shout!
The gnoll barely misses you.
The orc wizard hits you with a +0 dagger. x2 😮 HP[-5]
You take 5 damage, and now have 48/70 hp.
Unknown command.
The orc wizard attacks as you move away!
The orc wizard hits you but does no damage. x2
The gnoll hits you with a +0 halberd!
The orc wizard mumbles some strange words.
The orc wizard flickers and vanishes!
Deactivating autopickup; reactivate with Ctrl-A.
Something shouts, "Despair, thou twisted clay-brained toady!"
Things that are here:
a +0 whip of electrocution; a +0 leather armour; a gnoll corpse 😮 HP[-7]
You take 7 damage, and now have 41/70 hp.
You hit the gnoll. You freeze the gnoll.
The gnoll sergeant is no longer moving quickly.
The orc hits you with a +0 hand axe. The orc wizard closely misses you.
The gnoll closely misses you. 😮 HP[-4]
You take 4 damage, and now have 37/70 hp.
You hit the gnoll but do no damage.
The gnoll sergeant drinks a potion.
The gnoll sergeant flickers and vanishes!
The orc wizard hits you but does no damage.
Something hits you but does no damage. The orc hits you but does no damage.
The gnoll hits you with a +0 halberd.
* * * LOW HITPOINT WARNING * * *
😨 HP[-3]
You take 3 damage, and now have 34/70 hp.
You hit the gnoll but do no damage.
Unknown command.
You barely miss the gnoll.
The orc wizard gestures at you while chanting.
The magic dart hits you.
* * * LOW HITPOINT WARNING * * *
The gnoll closely misses you. Something hits you.
* * * LOW HITPOINT WARNING * * *
A white imp comes into view.
The orc closely misses you. Something hits you.
* * * LOW HITPOINT WARNING * * *
😨 HP[-10]
You take 10 damage, and now have 24/70 hp.
You feel much better.
The gnoll is no longer moving quickly.
The orc wizard gestures wildly while chanting.
The orc wizard flickers and vanishes!
The gnoll hits you with a +0 halberd. Something hits you but does no damage.
The orc hits you but does no damage. Something hits you!
* * * LOW HITPOINT WARNING * * *
Something freezes you.
* * * LOW HITPOINT WARNING * * *
😨 HP[+3]
You regained 3 hp, and now have 27/70 hp.
You feel much better.
Your attacks no longer feel as feeble.
You hear some strange, mumbled words.
A puff of flame appears from out of thin air!
The puff of flame hits you! The fire burns you terribly!
The gnoll hits you with a +0 halberd! The orc closely misses you.
Something hits you but does no damage. 😮 HP[+11]
You regained 11 hp, and now have 38/70 hp.
There are monsters nearby!
Unknown command.
You feel very mighty all of a sudden.
Your transformation is almost over.
You hear some strange, mumbled words.
You are confused.
The gnoll hits you with a +0 halberd.
* * * LOW HITPOINT WARNING * * *
Something hits you.
* * * LOW HITPOINT WARNING * * *
The orc closely misses you. Something hits you.
* * * LOW HITPOINT WARNING * * *
Something hits you but does no damage. The gnoll hits you with a +0 halberd.
* * * LOW HITPOINT WARNING * * *
You hear some strange, mumbled words.
A puff of flame appears from out of thin air!
The puff of flame misses you.
The puff of flame hits something.
The orc closely misses you. Something barely misses you.
Things that are here:
a +2 spear of flaming; a gnoll corpse; 😨 HP[-14]
You take 14 damage, and now have 24/70 hp.
Something hits you!
* * * LOW HITPOINT WARNING * * *
You focus on the pain.
You feel agile all of a sudden. Something freezes you.
* * * LOW HITPOINT WARNING * * *
Something hits you but does no damage. The gnoll misses you.
Something misses you. The orc misses you. Something hits you!
You die...

Skill      XL: |  1  2  3  4  5  6  7  8  9 |
---------------+----------------------------+-----
Transmutations | 2 3 4 5 6 7 9 |  9.3
Unarmed Combat | 3 4 5 6 |  6.9
Poison Magic   | 1 2 |  2.0
Spellcasting   | 3 4 5 6 |  6.9
Fighting       | |  1.0
Dodging        | |  1.7

Action                     |  1- 3 |  4- 6 |  7- 9 || total
---------------------------+-------+-------+-------++-------
  Melee: Unarmed           |    95 |    74 |   276 ||   445
         Kick              |    28 |     6 |       ||    34
         Headbutt          |     8 |     6 |       ||    14
         Punch             |     1 |       |       ||     1
         Touch             |     7 |     4 |     3 ||    14
   Cast: Beastly Appendage |    27 |     8 |       ||    35
         Spider Form       |     1 |     5 |     6 ||    12
         Wereblood         |     1 |       |     8 ||     9
         Ice Form          |       |     1 |    25 ||    26
    Use: Scroll            |     6 |       |    12 ||    18
         Potion            |     1 |       |     3 ||     4
   Stab: Sleeping          |     1 |       |     1 ||     2
 Armour: Robe              |    15 |     5 |       ||    20
         Skin              |     2 |     2 |    81 ||    85
  Dodge: Dodged            |    71 |    65 |   226 ||   362

Levels and vault maps discovered:
D:1:      dpeg_arrival_round_a, layout_basic, feat_on_display
D:2:      layout_basic
D:3:      layout_rooms, ebering_ecumenical_altar_ruins,
          hellmonk_ghost_happy_afterlife, uniq_grinder
D:4:      layout_basic, uniq_pikel
D:5:      layout_loops_ring, zin_statuary, grunt_temple_overflow_open,
          lightli_sewer_entry_pipes, hangedman_decor_lopped
D:6:      layout_basic, minmay_temple_entry_from_below_a
D:7:      minmay_recursive_quarters, layout_loops_cross,
          mainiacjoe_overflow_catwalk, enter_bailey_5, minivault_25

Notes
Turn   | Place    | Note
-------+----------+-------------------------------------------
     0 | D:1      | kae the Demonspawn Transmuter began the quest for the Orb.
     0 | D:1      | Reached XP level 1. HP: 15/15 MP: 3/3
     0 | D:1      | magus.rc [v1.11.3]
   149 | D:1      | Reached skill level 2 in Transmutations
   196 | D:1      | Gained mutation: You sometimes gain a little power by
                  | taking damage. [demonic ancestry]
   196 | D:1      | Reached XP level 2. HP: 21/21 MP: 5/5
   367 | D:1      | Reached skill level 3 in Unarmed Combat
   736 | D:1      | Identified a scroll of acquirement
   736 | D:1      | Acquired the ring "Rehusm" {Str+3 Int+6 Dex+4}
   799 | D:2      | Gained mutation: Your touch may inflict minor irresistible
                  | damage on your foes. [demonic ancestry]
   799 | D:2      | Reached XP level 3. HP: 26/26 MP: 4/6
   802 | D:2      | Learned a level 2 spell: Wereblood
   806 | D:2      | Learned a level 3 spell: Spider Form
  1427 | D:3      | Reached skill level 1 in Poison Magic
  1433 | D:3      | Reached skill level 3 in Transmutations
  1433 | D:3      | Gained mutation: You sometimes gain power by taking damage.
                  | [demonic ancestry]
  1433 | D:3      | Reached XP level 4. HP: 23/32 MP: 2/7
  1491 | D:3      | Noticed Shimatora's ghost (amateur OpFi)
  1503 | D:3      | Found a runed translucent door.
  1820 | D:3      | Found a faded altar of an unknown god.
  1822 | D:3      | Noticed a sky beast
  1836 | D:3      | HP: 8/32 [something (5)]
  1837 | D:3      | Killed a sky beast
  1838 | D:3      | Reached skill level 3 in Spellcasting
  1838 | D:3      | Reached skill level 2 in Poison Magic
  1838 | D:3      | Reached XP level 5. HP: 10/37 MP: 5/9
  2047 | D:3      | Noticed Grinder
  2070 | D:3      | Learned a level 4 spell: Ice Form
  2186 | D:3      | Killed Grinder
  2187 | D:3      | Reached skill level 4 in Transmutations
  2187 | D:3      | Reached XP level 6. HP: 12/43 MP: 8/11
  2503 | D:3      | Killed Shimatora's ghost
  2504 | D:3      | Reached skill level 4 in Unarmed Combat
  2504 | D:3      | Reached skill level 4 in Spellcasting
  2504 | D:3      | Reached skill level 5 in Transmutations
  2504 | D:3      | Gained mutation: You have an unusually large brain. (Int
                  | +2) [demonic ancestry]
  2504 | D:3      | Reached XP level 7. HP: 48/48 MP: 7/13
  2875 | D:4      | Noticed Pikel
  2895 | D:4      | Killed Pikel
  2896 | D:4      | Reached skill level 5 in Unarmed Combat
  2896 | D:4      | Reached skill level 5 in Spellcasting
  2896 | D:4      | Reached skill level 6 in Transmutations
  2896 | D:4      | Reached XP level 8. HP: 19/54 MP: 10/15
  3184 | D:4      | You pick up a book of the Spheres and begin reading...
  3184 | D:4      | You add the spells Iskenderun's Battlesphere, Fireball,
                  | Conjure Ball Lightning and Orb of Destruction to your
                  | library.
  3428 | D:5      | Entered Level 5 of the Dungeon
  3632 | D:5      | Found an ornate altar of the Wu Jian Council.
  3660 | D:5      | Found a blossoming altar of Fedhas.
  3669 | D:5      | Reached skill level 7 in Transmutations
  3826 | D:5      | Found a glowing drain.
  3831 | Sewer    | Entered a sewer
  4578 | D:5      | Reached XP level 9. HP: 37/59 MP: 12/17
  4584 | D:5      | Reached skill level 6 in Unarmed Combat
  4587 | D:5      | Reached skill level 6 in Spellcasting
  4587 | D:5      | Reached skill level 8 in Transmutations
  5063 | D:6      | Found a staircase to the Ecumenical Temple.
  5757 | D:7      | Reached skill level 9 in Transmutations
  5957 | D:7      | Found a burning altar of Makhleb.
  6026 | D:7      | HP: 10/70 [something (14)]
  6026 | D:7      | Slain by a gnoll sergeant

Vanquished Creatures
  Pikel (D:4)
  Grinder (D:3)
  The ghost of Shimatora the Cudgeller, an amateur OpFi (D:3)
  4 yaks (D:5)
  2 ice beasts (D:5)
  2 sky beasts
  An ogre (D:4)
  3 centaurs
  4 bullfrogs
  7 scorpions
  A necrophage (D:7)
  A howler monkey (D:7)
  3 hounds (D:5)
  2 jellies
  2 gnoll boudas
  3 orc priests
  3 iguanas
  6 orc wizards
  11 gnolls
  10 adders
  2 shadow imps
  7 worms
  3 dart slugs
  24 orcs
  5 bats (D:1)
  7 endoplasms
  3 giant cockroaches
  8 goblins
  8 hobgoblins
  4 jackals
  4 quokkas
  9 ball pythons
  11 frilled lizards
  6 kobolds
  11 rats
180 creatures vanquished.

Table legend:
 A = Non-vault XP
 B = Vault XP
 C = Vault XP percentage of total XP
 D = Non-vault monster count
 E = Vault monster count
 F = Vault count percentage of total count
                 A         B        C        D         E       F
            +---------+---------+-------+---------+---------+-------
      Total |    4041 |    1302 |  24.4 |     155 |      25 |  13.9
            +---------+---------+-------+---------+---------+-------
        D:1 |      39 |       0 |   0.0 |      23 |       0 |   0.0
        D:2 |      39 |       0 |   0.0 |      18 |       0 |   0.0
        D:3 |     297 |     545 |  64.7 |      28 |       2 |   6.7
        D:4 |     482 |     617 |  56.1 |      26 |       1 |   3.7
        D:5 |    1503 |      43 |   2.8 |      21 |       6 |  22.2
        D:6 |     908 |       0 |   0.0 |      27 |       0 |   0.0
        D:7 |     773 |      54 |   6.5 |      12 |       1 |   7.7
      Sewer |       0 |      43 | 100.0 |       0 |      15 | 100.0
            +---------+---------+-------+---------+---------+-------

Illustrated notes

Table legend:
 A = Kills in this place as a percentage of kills in entire the game.
 B = Kills by you in this place as a percentage of kills by you in the entire game.
 C = Kills by friends in this place as a percentage of kills by friends in the entire game.
 D = Other kills in this place as a percentage of other kills in the entire game.
 E = Experience gained in this place as a percentage of experience gained in the entire game.
 F = Experience gained in this place divided by the number of levels of this place that you have seen.
                   A       B       C       D       E      F
               +-------+-------+-------+-------+-------+----------------------
         Total | 100.0 | 100.0 |   N/A |   N/A | 100.0 | 667.9
       Dungeon |  91.7 |  91.7 |   N/A |   N/A |  99.2 | 757.1
         Sewer |   8.3 |   8.3 |   N/A |   N/A |   0.8 |  43.0
               +-------+-------+-------+-------+-------+----------------------

Table legend: (Time is in decaauts)
 A = Elapsed time spent in this place.
 B = Non-inter-level travel time spent in this place.
 C = Inter-level travel time spent in this place.
 D = Time resting spent in this place.
 E = Time spent auto-exploring this place.
 F = Levels seen in this place.
 G = Mean time per level.
                   A        B        C        D        E       F      G
               +--------+--------+--------+--------+--------+-----+--------+
         Total |   6053 |   5874 |    179 |     35 |   4376 |   8 |  756.6 |
       Dungeon |   5605 |   5426 |    179 |     35 |   4034 |   7 |  800.7 |
         Sewer |    447 |    447 |      0 |      0 |    342 |   1 |  447.0 |
               +--------+--------+--------+--------+--------+-----+--------+

Top non-repeatable levels by time:
     D:3: 1139 daAuts
     D:5: 1012 daAuts
     D:6: 941 daAuts
     D:4: 860 daAuts
     D:1: 771 daAuts
     D:2: 642 daAuts
   Sewer: 447 daAuts
     D:7: 237 daAuts
